 Dungeon Crawl Stone Soup version 0.22-a0-369-gc73351f (webtiles) character file.

31 JeffiDaFish the Firebug (level 3, -4/26 HPs)
             Began as a Draconian Fire Elementalist on Apr 24, 2018.
             Slain by a gnoll
             ... wielding a +0 spear
              (9 damage)
             ... on level 2 of the Dungeon.
             The game lasted 00:03:37 (1588 turns).

JeffiDaFish the Firebug (DrFE)                      Turns: 1588, Time: 00:03:37

Health: -4/26      AC:  5    Str: 10    XL:     3   Next: 7%
Magic:  4/6        EV: 12    Int: 16    God:
Gold:   48         SH:  0    Dex: 11    Spells: 5/6 levels left

rFire    . . .     SeeInvis .   c - +0 dagger
rCold    . . .     Gourm    .   (no shield)
rNeg     . . .     Faith    .   (armour unavailable)
rPois    .         Spirit   .   (helmet restricted)
rElec    .         Reflect  .   (no cloak)
rCorr    .         Harm     .   (no gloves)
MR       .....                  (no boots)
Stlth    ++........             (no amulet)
HPRegen  0.08/turn              (no ring)
MPRegen  0.10/turn              (no ring)

@: no status effects
A: unfitting armour, cold-blooded, AC +5
a: no special abilities


You were on level 2 of the Dungeon.
You were not hungry.

You visited 1 branch of the dungeon, and saw 2 of its levels.

You collected 48 gold pieces.

Inventory:

Hand Weapons
 c - a +0 dagger (weapon)
Scrolls
 d - a scroll of identify
Comestibles
 a - a chunk of flesh
 b - 2 rations


   Skills:
 - Level 1.7 Dodging
 - Level 1.7 Stealth
 + Level 2.3 Spellcasting
 + Level 1.6 Conjurations
 * Level 3.7 Fire Magic


You had 5 spell levels left.
You knew the following spells:

 Your Spells              Type           Power        Failure   Level  Hunger
a - Flame Tongue          Conj/Fire      ##...        7%          1    #......


Dungeon Overview and Level Annotations

Branches:
Dungeon (2/15)

Altars:


Innate Abilities, Weirdness & Mutations

Your plain brown scales are hard. (AC +5)
You cannot fit into any form of body armour.
You are cold-blooded and may be slowed by cold attacks.


Message History

Aim: a gnoll The flame tongue hits the gnoll.
The gnoll is heavily wounded.
The gnoll shouts!
The dart slug launches a dart at you. The slug dart misses you.
A goblin comes into view. It is wielding a club.
The gnoll hits you!
The gnoll hits you from afar with a spear.
Casting: Flame Tongue (safe; 7% risk of failure)
Confirm with . or Enter, or press ? or * to list all spells.
Aiming: Flame Tongue (safe; 7% risk of failure)
Press: ? - help, Shift-Dir - straight line, f/p - gnoll
Aim: a gnoll (moderately wounded)
The flame tongue hits the gnoll.
The gnoll is severely wounded.
The gnoll hits you!
* * * LOW HITPOINT WARNING * * *
The gnoll hits you from afar with a spear!
You die...

#........#
#.....?#.#. ..# #..
#........ .####
..###.. #......#
...##.......
#......#
#...........
##...w..#
#...........
.......gg# #>......
.. ########g# #....#
####.
###@#####....###....
#...................
+.................).
#..............#....
#..........###.#....
#..........# #.###.#
##########.# #.# #.#
#.....# #.# ....###
#.#


You could see 3 gnolls and a dart slug.

Vanquished Creatures
  A dart slug (D:2)
  A leopard gecko (D:1)
  6 bats (D:1)
  2 goblins (D:2)
  7 hobgoblins (D:1)
  4 kobolds (D:1)
  A frilled lizard (D:1)
  4 rats (D:1)
26 creatures vanquished.

Notes
Turn   | Place    | Note
-------+----------+-------------------------------------------
     0 | D:1      | JeffiDaFish the Draconian Fire Elementalist began the quest for the Orb.
     0 | D:1      | Reached XP level 1. HP: 14/14 MP: 3/3
   294 | D:1      | Reached XP level 2. HP: 20/20 MP: 3/5
  1518 | D:2      | Reached XP level 3. HP: 23/26 MP: 2/6
  1588 | D:2      | Slain by a gnoll

Vault maps used:
D:1:      eino_arrival_water_cross, serial_bayou_lagoon_a, minmay_cupped
D:2:      grunt_temple_overflow_magic_moments, first_ration

Action                   || total
-------------------------++-------
Melee: Unarmed           ||    25
       Dagger            ||    27
       Tailslap          ||     3
 Cast: Flame Tongue      ||    30
  Use: Scroll            ||     4
 Stab: Sleeping          ||     1
  Eat: Chunk             ||     3
Armor: Skin              ||    19
Dodge: Dodged            ||    44

Table legend:
 A = Spawn XP
 B = Non-spawn XP
 C = Spawn XP percentage of total XP
 D = Spawn monster count
 E = Non-spawn monster count
 F = Spawn count percentage of total count
 G = Total turns spent on level
                    A         B        C        D         E        F      G
               +---------+---------+-------+---------+---------+-------+---------
         Total |       0 |      45 |   0.0 |       0 |      26 |   0.0 |  1588
               +---------+---------+-------+---------+---------+-------+---------
           D:1 |       0 |      37 |   0.0 |       0 |      23 |   0.0 |  1498
           D:2 |       0 |       8 |   0.0 |       0 |       3 |   0.0 |    90
               +---------+---------+-------+---------+---------+-------+---------
